 Dungeon Crawl Stone Soup version 0.23-a0-612-gcb482e9 (console) character file.

22 Duffy the Chopper (level 2, -7/39 HPs)
             Began as a Naga Gladiator on Dec 21, 2018.
             Mangled by a scorpion (9 damage)
             ... on level 4 of the Dungeon.
             The game lasted 00:00:49 (784 turns).

Duffy the Chopper (Naga Gladiator)                   Turns: 784, Time: 00:00:50

Health: -7/39      AC:  3    Str: 21    XL:     2   Next: 91%
Magic:  2/2        EV: 10    Int:  8    God:
Gold:   47         SH:  0    Dex: 12    Spells: 1/1 levels left

rFire    . . .     SeeInvis +   a - +0 war axe
rCold    . . .     Gourm    .   (no shield)
rNeg     . . .     Faith    .   b - +0 leather armour
rPois    +         Spirit   .   c - +0 helmet
rElec    .         Reflect  .   (no cloak)
rCorr    .         Harm     .   (no gloves)
MR       .....                  (no barding)
Stlth    ..........             (no amulet)
HPRegen  0.13/turn              (no ring)
MPRegen  0.08/turn              (no ring)

@: berserking, lethally poisoned (-7 -> -11), short of breath, quick
A: large, see invisible, deformed body, poison resistance, slowness 2, slow
metabolism 1, spit poison 1, AC +0
a: Spit Poison


You were on level 4 of the Dungeon.
You were not hungry.

You visited 1 branch of the dungeon, and saw 4 of its levels.

You collected 47 gold pieces.

Inventory:

Hand Weapons
 a - a +0 war axe (weapon)
Missiles
 d - 3 throwing nets (quivered)
Armour
 b - a +0 leather armour (worn)
 c - a +0 helmet (worn)
Scrolls
 g - a scroll of teleportation {unknown}
Potions
 i - a potion of ambrosia {unknown}
Comestibles
 f - 4 rations
 h - a chunk of flesh


   Skills:
 - Level 2.0 Fighting
 + Level 4.0 Axes
 - Level 1.7 Throwing
 - Level 2.4 Dodging


You had one spell level left.
You didn't know any spells.
Your spell library was empty.

Dungeon Overview and Level Annotations

Branches:
Dungeon (4/15)
 Temple: D:4-7

Altars:


Innate Abilities, Weirdness & Mutations

You cannot wear boots.
Your serpentine skin is tough. (AC +0)
You have supernaturally acute eyesight. (SInv)
Armour fits poorly on your strangely shaped body.
Your system is resistant to poisons. (rPois)
You cover ground very slowly.
You have a slow metabolism.
You can spit poison.


Message History

The scorpion barely misses you.
You hit the scorpion but do no damage. The scorpion stings you.
You hit the scorpion but do no damage. The scorpion stings you!
You are poisoned.
The scorpion poisons you!
Okay, then.
You have got your breath back.
You feel sick. The scorpion stings you.
Press: ? - help, Shift-Dir - straight line, f/p - scorpion
Aim: a scorpion The splash of poison misses the scorpion.
You feel slightly more hungry. The scorpion barely misses you.
You barely miss the scorpion.
You feel sick. The scorpion stings you!
You barely miss the scorpion.
You feel sick.
The scorpion stings you but does no damage.
It was a potion of berserk rage.
A red film seems to cover your vision as you go berserk!
You feel yourself moving faster!
You feel mighty!
You feel sick. The scorpion stings you!
You die...

#####......#
...........##
............#
..........#.#
.........##.## #
.........##..# ..#
.........#...##...#
.......s##<........
##....##@.<........
#### #.#.........
..........$..
...#...........
.....#...........
.... ............
..............#..
...........#.....


You could see a scorpion.

Vanquished Creatures
  An adder (D:3)
  A worm (D:3)
  A hobgoblin (D:3)
  4 bats
  A frilled lizard (D:2)
  A goblin (D:3)
  A kobold (D:3)
  3 rats
13 creatures vanquished.

Notes
Turn   | Place    | Note
-------+----------+-------------------------------------------
     0 | D:1      | Duffy the Naga Gladiator began the quest for the Orb.
     0 | D:1      | Reached XP level 1. HP: 19/19 MP: 1/1
   584 | D:3      | Reached XP level 2. HP: 18/26 MP: 2/2
   727 | D:3      | Reached skill level 4 in Axes
   775 | D:4      | Noticed a scorpion
   784 | D:4      | Mangled by a scorpion

Vault maps used:
D:1:      dpeg_arrival_caged_fury, minmay_misc_feat_hallway, minmay_lizard_pond
D:2:      overflow_temple_1_default, bloody_makhleb
D:3:      first_ration
D:4:      grunt_decor_one_mirror, kennysheep_small_spiral

Skill      XL: |  1  2 |
---------------+-------+-----
Axes           | 4 |  4.0
Fighting       | |  2.0
Throwing       | |  1.7
Dodging        | |  2.4

Action                   || total
-------------------------++-------
Melee: War axe           ||    45
 Abil: Spit Poison       ||     8
  Use: Potion            ||     1
Armor: Leather armour    ||    30
Dodge: Dodged            ||    51

Table legend:
 A = Non-vault XP
 B = Vault XP
 C = Vault XP percentage of total XP
 D = Non-vault monster count
 E = Vault monster count
 F = Vault count percentage of total count
                 A         B        C        D         E       F
            +---------+---------+-------+---------+---------+-------
      Total |      32 |       0 |   0.0 |      13 |       0 |   0.0
            +---------+---------+-------+---------+---------+-------
        D:2 |       6 |       0 |   0.0 |       5 |       0 |   0.0
        D:3 |      26 |       0 |   0.0 |       8 |       0 |   0.0
            +---------+---------+-------+---------+---------+-------
